 Dungeon Crawl Stone Soup version 0.22-a0-301-gf0fe05c (webtiles) character file.

144 smeego the Sneak (level 5, -2/31 HPs)
             Began as an Octopode Wizard on Mar 26, 2018.
             Shot with an arrow by a centaur (17 damage)
             ... on level 5 of the Dungeon on Mar 27, 2018.
             The game lasted 00:06:11 (3444 turns).

smeego the Sneak (Octopode Wizard)                  Turns: 3444, Time: 00:06:11

Health: -2/31      AC:  4    Str:  7    XL:     5   Next: 26%
Magic:  6/10       EV: 12    Int: 25    God:
Gold:   173        SH:  3    Dex: 10    Spells: 3/11 levels left

rFire    . . .     SeeInvis .   d - +0 dagger (speed)
rCold    + . .     Gourm    .   e - +0 buckler
rNeg     . . .     Faith    .   a - +1 hat
rPois    .         Spirit   .   (no amulet)
rElec    .         Reflect  .   h - +4 ring of intelligence
rCorr    .         Harm     .   (no ring)
MR       .....                  (no ring)
Stlth    +++.......             (no ring)
HPRegen  0.10/turn              (no ring)
MPRegen  0.12/turn              (no ring)
                                (no ring)
                                (no ring)

@: no status effects
A: almost no armour, stealthy swim, amphibious, 8 rings, constrict 8, molten
scales 1, camouflage 1, cold resistance 1, gelatinous body 1
a: no special abilities


You were on level 5 of the Dungeon.
You were not hungry.

You visited 1 branch of the dungeon, and saw 5 of its levels.

You collected 173 gold pieces.

Inventory:

Hand Weapons
 d - a +0 dagger of speed (weapon)
Armour
 a - a +1 hat (worn)
 e - a +0 buckler (worn)
Jewellery
 h - a +4 ring of intelligence (left tentacle)
Wands
 b - a wand of polymorph (4)
Scrolls
 f - 2 scrolls of teleportation
 g - a scroll of fear {unknown}
Potions
 j - a potion of heal wounds
 k - a potion of magic
 l - a potion of haste
Comestibles
 c - 6 rations
 i - 3 chunks of flesh


   Skills:
 - Level 2.0 Dodging
 + Level 4.3 Stealth
 + Level 3.7 Spellcasting
 * Level 3.5 Conjurations
 - Level 1.0 Summonings
 - Level 1.0 Translocations


You had 3 spell levels left.
You knew the following spells:

 Your Spells              Type           Power        Failure   Level  Hunger
a - Magic Dart            Conj           ###.         3%          1    None
b - Call Imp              Summ           #.......     16%         2    #......
c - Mephitic Cloud        Conj/Pois/Air  ##......     28%         3    ##.....
d - Blink                 Tloc           N/A          16%         2    #......


Dungeon Overview and Level Annotations

Branches:
Dungeon (5/15)
 Temple: D:4-7

Altars:
Cheibriados
Gozag
Hepliaklqana
Nemelex Xobeh
Okawaru
Sif Muna
Trog

Shops:
D:4 [

Annotations:
D:3 2 transporters


Innate Abilities, Weirdness & Mutations

You cannot wear most types of armour.
You are very stealthy in the water. (Stealth+)
You are amphibious.
You can wear up to eight rings at the same time.
You can use your tentacles to constrict eight enemies at once.
Your skin changes colour to match your surroundings (Stealth+).
Your rubbery body absorbs attacks. (AC +1, EV +1)
You are partially covered in molten scales. (AC +2)
Your flesh is cold resistant. (rC+)


Message History

Magic restored.
You start resting.
A centaur is nearby!
A centaur is nearby!
A centaur is nearby!
There is an open door here.
The centaur shouts!
The centaur wields a shortbow.
The centaur shoots an arrow.
The arrow barely misses you.
The centaur shoots an arrow.
The arrow hits you!
You see here an arrow.
You close the door.
Casting: Call Imp (safe; 16% risk of failure)
Confirm with . or Enter, or press ? or * to list all spells.
A beastly little devil appears in a puff of flame.
Casting: Call Imp (safe; 16% risk of failure)
Confirm with . or Enter, or press ? or * to list all spells.
A beastly little devil appears in a puff of flame.
A centaur opens the door.
The centaur shoots an arrow.
The arrow hits you!
Ouch! That really hurt!
You die...

#+##....###+#########+###.......#
#.(..................#.......#
#....................#.......#
#.c..................#.......#
#................#######..
#.......................##
#.......######'##.......#
#.......#5.#....#.......#
#.......#@5#....#.......##
#.......##'##...########..
#.........c.#...##.....#..
####...........+..........#..
#..'...........#..........#..
#..#...........######..##.#..
#..#....#'###......##..##+###
#..#....#...#......#...>....#
#..#....#...#......'........#


You could see a centaur and 2 friendly crimson imps.

Vanquished Creatures
  A worker ant (D:5)
  3 adders (D:2)
  A worm (D:3)
  2 leopard geckos
  2 orcs (D:4)
  2 giant cockroaches
  3 goblins
  A hobgoblin (D:1)
  4 jackals
  2 ball pythons
  3 bats
  3 frilled lizards
  2 kobolds
  6 rats
35 creatures vanquished.

Vanquished Creatures (collateral kills)
  An orc wizard (D:4)
  An iguana (D:5)
  2 orcs (D:4)
  A bat (D:2)
  2 goblins (D:2)
  3 jackals (D:5)
10 creatures vanquished.

Grand Total: 45 creatures vanquished

Notes
Turn   | Place    | Note
-------+----------+-------------------------------------------
     0 | D:1      | smeego the Octopode Wizard began the quest for the Orb.
     0 | D:1      | Reached XP level 1. HP: 11/11 MP: 4/4
    52 | D:1      | Upgraded the game from 0.22-a0-300-g82e80c5 to 0.22-a0-301-gf0fe05c
   643 | D:1      | Reached skill level 3 in Stealth
   643 | D:1      | Reached XP level 2. HP: 17/17 MP: 6/6
   647 | D:1      | Learned a level 2 spell: Call Imp
  1120 | D:2      | Reached XP level 3. HP: 11/21 MP: 4/7
  1417 | D:2      | Found a snail-covered altar of Cheibriados.
  1418 | D:2      | Found a bloodstained altar of Trog.
  1606 | D:2      | Gained mutation: Your flesh is cold resistant. (rC+) [potion of mutation]
  1606 | D:2      | Gained mutation: You are partially covered in molten scales. (AC +2) [potion of mutation]
  1934 | D:2      | Found a sparkling altar of Nemelex Xobeh.
  1942 | D:2      | Learned a level 3 spell: Mephitic Cloud
  1945 | D:2      | Learned a level 2 spell: Blink
  2017 | D:3      | Found a hazy altar of Hepliaklqana.
  2019 | D:3      | Found a transporter.
  2019 | D:3      | Noticed a two-headed ogre
  2024 | D:3      | Noticed a phantom
  2028 | D:3      | Reached XP level 4. HP: 27/27 MP: 9/9
  2029 | D:3      | Found a transporter.
  2480 | D:3      | Found an iron altar of Okawaru.
  2491 | D:3      | Found a deep blue altar of Sif Muna.
  2563 | D:4      | Found Bouniucw's Armour Shop.
  2597 | D:4      | Noticed a phantom
  2743 | D:4      | Noticed a phantom
  2983 | D:5      | Entered Level 5 of the Dungeon
  3009 | D:5      | Noticed a centaur
  3069 | D:5      | Reached skill level 4 in Stealth
  3081 | D:5      | Found an opulent altar of Gozag.
  3143 | D:5      | Reached XP level 5. HP: 27/31 MP: 1/10
  3444 | D:5      | Shot with an arrow by a centaur

Vault maps used:
D:1:      lightli_arrival_farm
D:2:      marbit_many_paths, gammafunk_temple_overflow_statue
D:3:      gammafunk_temple_overflow_arena, minitemple, minmay_curled_crystal
D:4:      grunt_dithmenos_smoke_and_mirrors, first_ration, serial_shops,
          nicolae_shop_waterfront, uniq_pikel
D:5:      nicolae_overflow_crystal_walls

Skill      XL: |  1  2  3  4 |
---------------+-------------+-----
Stealth        | 3 4 |  4.3
Conjurations   | 2 3 |  3.5
Dodging        | |  2.0
Spellcasting   | |  3.7
Summonings     | |  1.0
Translocations | |  1.0

Action                   |  1- 3 |  4- 6 || total
-------------------------+-------+-------++-------
Melee: Dagger            |    69 |    53 ||   122
       Unarmed           |    21 |       ||    21
       Constrict         |    16 |    11 ||    27
       Tentacles         |     5 |     9 ||    14
 Cast: Magic Dart        |     4 |       ||     4
       Call Imp          |     4 |    13 ||    17
       Mephitic Cloud    |       |     2 ||     2
  Use: Scroll            |     5 |     5 ||    10
       Potion            |     2 |     1 ||     3
 Stab: Sleeping          |    14 |     2 ||    16
       Confused          |       |     3 ||     3
  Eat: Chunk             |     2 |       ||     2
       Ration            |       |     2 ||     2
Armor: Skin              |    11 |     8 ||    19
Dodge: Dodged            |    60 |    27 ||    87
Block: Buckler           |       |     3 ||     3

Table legend:
 A = Spawn XP
 B = Non-spawn XP
 C = Spawn XP percentage of total XP
 D = Spawn monster count
 E = Non-spawn monster count
 F = Spawn count percentage of total count
 G = Total turns spent on level
                    A         B        C        D         E        F      G
               +---------+---------+-------+---------+---------+-------+---------
         Total |       0 |     206 |   0.0 |       0 |      45 |   0.0 |  3444
               +---------+---------+-------+---------+---------+-------+---------
           D:1 |       0 |      12 |   0.0 |       0 |       8 |   0.0 |   901
           D:2 |       0 |      63 |   0.0 |       0 |      19 |   0.0 |  1079
           D:3 |       0 |      11 |   0.0 |       0 |       5 |   0.0 |   582
           D:4 |       0 |      40 |   0.0 |       0 |       5 |   0.0 |   421
           D:5 |       0 |      80 |   0.0 |       0 |       8 |   0.0 |   461
               +---------+---------+-------+---------+---------+-------+---------
